 Dungeon Crawl Stone Soup version 0.30-a0-879-ga8ba668304 (webtiles) character file.

Game seed: 13853053546579102670

101 FallingFreak the Grasshopper (level 4, -3/38 HPs)
             Began as a Ghoul Warper on Mar 13, 2023.
             Slain by an orc
             ... wielding a +6 dagger of protection
              (8 damage)
             ... on level 3 of the Dungeon.
             The game lasted 00:09:10 (2413 turns).

FallingFreak the Grasshopper (Ghoul Warper)         Turns: 2413, Time: 00:09:11

Health: -3/38      AC:  5    Str: 14    XL:     4   Next: 75%
Magic:  6/6        EV: 10    Int: 10    God:
Gold:   170        SH:  0    Dex:  8    Spells: 7/7 levels left

rFire   . . .      SeeInvis .    a - +0 spear
rCold   + . .      Faith    .    (no shield)
rNeg    + + +      Spirit   .    v - +0 ring mail
rPois   ∞          Reflect  .    (no helmet)
rElec   .          Rampage  .    (no cloak)
rCorr   .                        (no gloves)
Will    .....                    (no boots) Stlth
                                 (no amulet)
HPRegen 0.00/turn                (no ring)
MPRegen 0.10/turn                (no ring)

@: inhibited regen
A: claws 1, cold resistance 1, negative energy resistance 3, inhibited
regeneration, torment resistance 2, devour on kill
a: no special abilities


You were on level 3 of the Dungeon.
You visited 1 branch of the dungeon, and saw 4 of its levels.

You collected 170 gold pieces.

Inventory:

Hand Weapons
 a - a +0 spear (weapon)
 b - a +0 war axe
Missiles
 d - 7 boomerangs of dispersal {!f}
 h - 6 poisoned darts
 o - 6 boomerangs (quivered)
 q - 4 javelins
 t - 3 atropa-tipped darts
Armour
 v - a +0 ring mail (worn)
 y - a +0 chain mail
 B - a +0 leather armour
Jewellery
 p - a ring of ice
Wands
 u - a wand of roots (8)
Scrolls
 e - 3 scrolls of teleportation {unknown}
 f - 2 scrolls of blinking
 g - 3 scrolls of identify {unknown}
 n - 2 scrolls of poison {unknown}
 r - 2 scrolls of vulnerability {unknown}
 s - 2 scrolls of silence {unknown}
 w - 3 scrolls of noise {unknown}
 x - a scroll of fear {unknown}
Potions
 c - a potion of berserk rage {unknown}
 i - 3 potions of brilliance {unknown}
 j - a potion of ambrosia {unknown}
 k - a potion of mutation {unknown}
 l - a potion of degeneration {unknown}
 m - 6 potions of curing {unknown}
 z - 2 potions of haste {unknown}
 A - 2 potions of attraction {unknown}
 C - a potion of invisibility {unknown}


   Skills:
 + Level 3.1 Fighting
 + Level 2.4 Polearms
 - Level 0.8 Throwing
 + Level 1.8 Armour
 - Level 1.7 Dodging
 + Level 2.3 Spellcasting
 + Level 3.2 Translocations


You had 7 spell levels left.
You didn't know any spells.
Your spell library contained the following spells:

 Spells                   Type           Power      Damage    Failure   Level
 Blink                    Tloc           14%        N/A       24%         2
 Lesser Beckoning         Tloc           14%        N/A       24%         2
 Teleport Other           Tloc           7%         N/A       43%         3
 Necrotise                Necr           4%         1d4       52%         1
 Vhi's Electric Charge    Tloc/Air       8%         N/A       67%         3
 Manifold Assault         Tloc           7%         N/A       83%         4
 Vampiric Draining        Necr           1%         2d6       87%         3
 Agony                    Necr           1%         N/A       100%        5
 Irradiate                Conj/Tmut      0%         3d11      100%        5
 Blade Hands              Tmut           Unusable   N/A       N/A         5
 Dragon Form              Tmut           Unusable   N/A       N/A         7

Dungeon Overview and Level Annotations

Branches:
Dungeon (4/15) Zot: 21585  Temple (0/1) D:4

Altars:

Shops:
D:3 =


Innate Abilities, Weirdness & Mutations

You are immune to poison.
You have sharp fingernails.
Your flesh is cold resistant. (rC+)
You are immune to negative energy. (rN+++)
You do not regenerate when monsters are visible.
You are immune to unholy pain and torment.
You thrive by killing the living.


Message History

Unknown command.
Reach: a) +0 spear
Press: ? - help, Dir - move target, f/p - orc
Aim: an orc, wielding a +6 dagger of protection and wearing a +0 leather armour (about 41% to evade your +0 spear)
You barely miss the orc.
The orc hits you with a +6 dagger of protection.
Unknown command.
Reach: a) +0 spear
Press: ? - help, Dir - move target, f/p - orc
Aim: an orc, wielding a +6 dagger of protection and wearing a +0 leather armour (about 41% to evade your +0 spear)
You closely miss the orc.
The orc hits you with a +6 dagger of protection.
Unknown command.
There is a stone staircase leading up here.
The orc hits you with a +6 dagger of protection!
* * * LOW HITPOINT WARNING * * *
You climb upwards.
There is a stone staircase leading down here.
Reach: a) +0 spear
Press: ? - help, Dir - move target, f - orc
Aim: an orc, wielding a +6 dagger of protection and wearing a +0 leather armour (about 41% to evade your +0 spear)
You hit the orc but do no damage.
The orc hits you with a +6 dagger of protection.
* * * LOW HITPOINT WARNING * * *
Unknown command.
Reach: a) +0 spear
Press: ? - help, Dir - move target, f/p - orc
Aim: an orc, wielding a +6 dagger of protection and wearing a +0 leather armour (about 41% to evade your +0 spear)
You hit the orc.
The orc is lightly wounded.
The orc hits you with a +6 dagger of protection!
* * * LOW HITPOINT WARNING * * *
Unknown command.
Reach: a) +0 spear
Press: ? - help, Dir - move target, f/p - orc
Aim: an orc, wielding a +6 dagger of protection and wearing a +0 leather armour (lightly wounded, about 41% to evade your +0 spear)
You hit the orc but do no damage.
The orc is lightly wounded.
The orc hits you with a +6 dagger of protection!
You die...

#.####........###.##
#.o@[...##......#.#
######..####..#.#.# #..#.........#
######### #........#.### #.......#
#..#.##.##.# ###.#####.#######
#..........# ..............<.#
##...)###### ###.#####.##.##.#
###...# ###.......##.##.# #...#
.########.##....# #...# .#
#.#####.# #...# .########.#####.#
#...# ## .#..............# #...# #.
.#.......###.##.#######...########.
.#.......# #.....................#.
.#.....[.###.....................#.


You could see an orc.

Vanquished Creatures
  4 adders
  A white imp (D:3)
  A worm (D:3)
  A dart slug (D:1)
  An orc (D:3)
  6 ball pythons
  9 endoplasms
  A giant cockroach (D:2)
  5 goblins
  4 hobgoblins
  2 jackals (D:2)
  4 kobolds
  A quokka (D:3)
  3 bats
  3 frilled lizards
  3 rats
49 creatures vanquished.

Notes
Turn   | Place    | Note
-------+----------+-------------------------------------------
     0 | D:1      | FallingFreak the Ghoul Warper began the quest for the Orb.
     0 | D:1      | Reached XP level 1. HP: 17/17 MP: 2/2
    22 | D:1      | Reached skill level 1 in Armour
    61 | D:1      | Reached XP level 2. HP: 25/25 MP: 3/3
   301 | D:1      | Found a faded altar of an unknown god.
   798 | D:2      | Increase (s)trength, (i)ntelligence, or (d)exterity?
   798 | D:2      | Reached XP level 3. HP: 25/30 MP: 5/5
  1371 | D:3      | Found Boeps's Jewellery Shop.
  1393 | D:3      | Reached XP level 4. HP: 37/37 MP: 6/6
  2367 | D:4      | Found a staircase to the Ecumenical Temple.
  2413 | D:3      | Slain by an orc

Illustrated notes

Levels and vault maps discovered:
D:1:      dpeg_arrival_tiny_g, layout_basic,
          hellmonk_ecumenical_altar_crossroads, amethyst_killhole
D:2:      layout_rooms
D:3:      layout_loops_cross, serial_shops, nicolae_shop_hallway_stairs
D:4:      minmay_general_purpose_star, layout_rooms, minmay_temple_entry_waves,
          uniq_edmund

Skill      XL: |  1  2  3  4 |
---------------+-------------+-----
Armour         | 1 |  1.8
Polearms       | 2 |  2.4
Spellcasting   | 2 |  2.3
Translocations | 3 |  3.2
Fighting       | 3 |  3.1
Throwing       | |  0.8
Dodging        | |  1.7

Action                     |  1- 3 |  4- 6 || total
---------------------------+-------+-------++-------
  Melee: Spear             |   144 |    85 ||   229
         Punch             |     1 |     1 ||     2
  Throw: Dart              |     3 |       ||     3
         Boomerang         |       |     1 ||     1
 Armour: Leather armour    |    38 |     2 ||    40
         Ring mail         |       |    22 ||    22
  Dodge: Dodged            |    63 |    29 ||    92

Table legend: (Time is in decaauts)
 A = Elapsed time spent in this place.
 B = Non-inter-level travel time spent in this place.
 C = Inter-level travel time spent in this place.
 D = Time resting spent in this place.
 E = Time spent auto-exploring this place.
 F = Levels seen in this place.
 G = Mean time per level.
                   A        B        C        D        E       F      G
               +--------+--------+--------+--------+--------+-----+--------+
         Total |   2413 |   2283 |    130 |    291 |   1522 |   4 |  603.2 |
       Dungeon |   2413 |   2283 |    130 |    291 |   1522 |   4 |  603.2 |
               +--------+--------+--------+--------+--------+-----+--------+

Top non-repeatable levels by time:
     D:3: 960 daAuts
     D:1: 791 daAuts
     D:2: 592 daAuts
     D:4: 70 daAuts
